 Dungeon Crawl Stone Soup version 0.27.1-4-g1640c2035a (webtiles) character file.

Game seed: 4734900574333087386

56 styxcanada the Sneak (level 3, -5/18 HPs)
             Began as a Spriggan Brigand on Nov 6, 2021.
             Killed from afar by Ijyb (22 damage)
             ... with a bolt of acid
             ... on level 3 of the Dungeon.
             The game lasted 00:06:56 (1954 turns).

styxcanada the Sneak (Spriggan Brigand)             Turns: 1954, Time: 00:06:56

Health: -5/18      AC:  3    Str:  7    XL:     3   Next: 69%
Magic:  4/4        EV: 16    Int: 12    God:
Gold:   161        SH:  7    Dex: 17    Spells: 3/3 levels left

rFire    . . .     SeeInvis +   a - +2 dagger
rCold    . . .     Faith    .   g - +2 buckler
rNeg     . . .     Spirit   .   b - +0 robe
rPois    .         Reflect  .   (helmet restricted)
rElec    .         Harm     .   c - +0 cloak
rCorr    .         Rampage  .   (gloves unavailable)
Will     .....                  (boots unavailable)
Stlth    ++++......             (no amulet)
HPRegen  0.06/turn              (no ring)
MPRegen  0.09/turn              (no ring)

@: very quick
A: very small, no large weapons, unfitting armour, see invisible, speed 3
a: no special abilities


You were on level 3 of the Dungeon.
You visited 1 branch of the dungeon, and saw 3 of its levels.

You collected 161 gold pieces.

Inventory:

Hand Weapons
 a - a +2 dagger (weapon)
Missiles
 d - 3 poisoned darts (quivered)
 e - 2 curare-tipped darts
 h - 4 boomerangs
 j - 37 stones
Armour
 b - a +0 robe (worn)
 c - a +0 cloak (worn)
 g - a +2 buckler (worn)
Scrolls
 f - a scroll of enchant weapon {unknown}
 k - a scroll of magic mapping {unknown}
 l - a scroll of identify {unknown}
 m - a scroll of torment {unknown}
 p - a scroll of teleportation {unknown}
Potions
 i - a potion of might {unknown}
 n - a potion of lignification {unknown}
 o - a potion of resistance {unknown}
 q - a potion of haste {unknown}


   Skills:
 * Level 1.8 Fighting
 + Level 2.4 Short Blades
 + Level 2.0 Throwing
 * Level 1.6 Dodging
 * Level 7.4 Stealth
 * Level 0.3 Shields
 * Level 0.5 Spellcasting


You had 3 spell levels left.
You didn't know any spells.
Your spell library contained the following spells:

 Spells                   Type           Power      Damage    Failure   Level
 Pain                     Necr           0%         1d4       45%         1
 Conjure Flame            Conj/Fire      0%         6-21      83%         3
 Ignite Poison            Fire/Tmut/Pois 0%         N/A       83%         3
 Sticky Flame             Conj/Fire      0%         2d3       99%         4
 Agony                    Necr           0%         N/A       100%        5
 Excruciating Wounds      Necr           0%         N/A       100%        5


Dungeon Overview and Level Annotations

Branches:
Dungeon (3/15)

Altars:
Zin

Shops:
D:1 =

Annotations:
D:3 Ijyb


Innate Abilities, Weirdness & Mutations

You are very small and have problems with some larger weapons.
You are too small for most types of armour.
You have supernaturally acute eyesight. (SInv)
You cover ground extremely quickly. (Speed+++)


Message History

You kill the jackal!
The jackal barely misses you.
You closely miss the jackal.
The jackal is lightly wounded.
The jackal barely misses you.
You barely miss the jackal.
The jackal is lightly wounded.
The jackal closely misses you.
You hit the jackal.
The jackal is heavily wounded.
The jackal misses you.
The jackal bites you but does no damage.
You hit the jackal but do no damage.
The jackal is heavily wounded.
The jackal closely misses you.
You hit the jackal.
The jackal is severely wounded.
The jackal bites you but does no damage.
Ijyb screams, "I no like you!"
You hit the jackal.
You kill the jackal!
Ijyb zaps a wand.
The bolt of acid misses you.
You see here a jackal corpse.
Throw: 6 darts (poison)
Press: ? - help, Q - select action, (/) - cycle Shift-Dir - straight line, f - Ijyb
Aim: Ijyb, wielding a +0 dagger, wearing a +4 ring mail of willpower and carrying a wand of acid (6) (57% to hit)
You throw a poisoned dart. The poisoned dart closely misses Ijyb.
You block Ijyb's attack.
Throw: 5 darts (poison)
Press: ? - help, Q - select action, (/) - cycle Shift-Dir - straight line, f/p - Ijyb
Aim: Ijyb, wielding a +0 dagger, wearing a +4 ring mail of willpower and carrying a wand of acid (6) (57% to hit)
You throw a poisoned dart. The poisoned dart hits Ijyb.
Ijyb is poisoned.
Ijyb zaps a wand.
The bolt of acid misses you.
Throw: 4 darts (poison)
Press: ? - help, Q - select action, (/) - cycle Shift-Dir - straight line, f/p - Ijyb
Aim: Ijyb, wielding a +0 dagger, wearing a +4 ring mail of willpower and carrying a wand of acid (5) (moderately wounded, poisoned, 57% to hit)
You throw a poisoned dart. The poisoned dart closely misses Ijyb.
Ijyb zaps a wand.
The bolt of acid hits you!!
Ouch! That really hurt!
You die...

.........#...#.##.#
..##.....#####.##.#
.. #.#.#.......##.#
..##.#..†########.#
.........)...####.#
..##......##......#
#####..##..#####
..........#.....#
#######...##.##@#
... #....#.##.#
.....#....#.##g#
.....(......†.(#
.........#######
......#....
......#..### .....
##.. ..... .J..


You could see Ijyb (poisoned).

Vanquished Creatures
  An adder (D:2)
  A worm (D:2)
  A dart slug (D:1)
  3 ball pythons
  An endoplasm (D:1)
  3 giant cockroaches
  2 goblins
  7 hobgoblins
  7 jackals
  4 bats
  3 kobolds
  2 rats
35 creatures vanquished.

Notes
Turn   | Place    | Note
-------+----------+-------------------------------------------
     0 | D:1      | styxcanada the Spriggan Brigand began the quest for the
                  | Orb.
     0 | D:1      | Reached XP level 1. HP: 10/10 MP: 2/2
    22 | D:1      | Found Boipn's Jewellery Emporium.
    41 | D:1      | Reached skill level 6 in Stealth
   223 | D:1      | Reached XP level 2. HP: 11/14 MP: 3/3
   750 | D:2      | Reached skill level 7 in Stealth
  1046 | D:2      | Reached XP level 3. HP: 18/18 MP: 4/4
  1166 | D:2      | Found a glowing silver altar of Zin.
  1657 | D:3      | Found a faded altar of an unknown god.
  1918 | D:3      | Noticed Ijyb
  1954 | D:3      | Killed from afar by Ijyb

Illustrated notes

Levels and vault maps discovered:
D:1:      minmay_arrival_loop, layout_basic, serial_shops, shop,
          interstate_on_off, minmay_pentomino_o2
D:2:      layout_basic, basic_altar, minivault_25
D:3:      layout_basic, ebering_ghost_inner_flame,
          dreamdust_ecumenical_altar_hidden_monk_grotto, uniq_ijyb, uniq_sigmund

Skill      XL: |  1  2 |
---------------+-------+-----
Stealth        | 6 7 |  7.4
Fighting       | |  1.8
Short Blades   | |  2.4
Throwing       | |  2.0
Dodging        | |  1.6
Shields        | |  0.3
Spellcasting   | |  0.5

Action                   || total
-------------------------++-------
Melee: Dagger            ||    99
Throw: Dart              ||    20
 Stab: Sleeping          ||     9
Armor: Robe              ||    10
Dodge: Dodged            ||    48
Block: Buckler           ||    37
